 Dungeon Crawl Stone Soup version 0.28-a0-622-gbaef9634d7 (webtiles) character file.

Game seed: 13163940622989704526

3381 Zgrwil the Covert (level 9, -1/42 HPs)
             Began as a Spriggan Enchanter on Oct 7, 2021.
             Was a Follower of Dithmenos.
             Slain by a chaos spawn (11 damage)
             ... summoned by a kobold demonologist
             ... on level 9 of the Dungeon.
             The game lasted 00:15:16 (8546 turns).

Zgrwil the Covert (Spriggan Enchanter)              Turns: 8546, Time: 00:15:16

Health: -1/42      AC:  7    Str:  7    XL:     9   Next: 74%
Magic:  15/21      EV: 18    Int: 17    God:    Dithmenos [*.....]
Gold:   241        SH:  0    Dex: 15    Spells: 19/27 levels left

rFire   . . .      SeeInvis +   o - +4 quick blade
rCold   . . .      Faith    .   (shield restricted)
rNeg    . . .      Spirit   .   b - +1 robe
rPois   +          Reflect  .   (helmet restricted)
rElec   .          Harm     .   (no cloak)
rCorr   .          Rampage  .   (gloves unavailable)
Will    +....      Clarity  +   (boots unavailable)
Stlth   ++++++....              (no amulet)
HPRegen 0.14/turn               d - +4 ring of slaying
MPRegen 0.17/turn               f - +4 ring of protection

@: wreathed by umbra, very quick
A: very small, no large weapons, unfitting armour, see invisible, speed 3,
clarity, low mp 1, poison resistance
a: Renounce Religion


You were on level 9 of the Dungeon.
You worshipped Dithmenos.
Dithmenos was aware of your devotion.
You visited 2 branches of the dungeon, and saw 10 of its levels.

You collected 241 gold pieces.

Inventory:

Hand Weapons
 g - a +2 short sword of venom
 o - a +4 quick blade (weapon)
Missiles
 m - 8 atropa-tipped darts (quivered)
 s - a throwing net
Armour
 b - a +1 robe (worn)
 h - a +0 buckler
Jewellery
 d - a +4 ring of slaying (left hand)
 f - a +4 ring of protection (right hand)
Wands
 q - a wand of iceblast (11)
Scrolls
 a - 2 scrolls of amnesia
 c - a scroll of silence
 p - a scroll of blinking
 t - a scroll of enchant weapon {unknown}
 u - a scroll of identify
Potions
 e - 7 potions of curing
 i - 3 potions of heal wounds
 j - 3 potions of flight
 k - a potion of haste
 l - a potion of cancellation
 n - a potion of lignification
 r - a potion of ambrosia


   Skills:
 + Level 2.1 Fighting
 + Level 3.3 Short Blades
 + Level 4.6 Dodging
 + Level 10.9 Stealth
 + Level 9.8 Spellcasting
 + Level 10.2 Hexes


You had 19 spell levels left.
You knew the following spells:

 Your Spells              Type           Power      Damage    Failure   Level
a - Ensorcelled Hibernat  Hex/Ice        50%        N/A       1%          2
b - Tukima's Dance        Hex            43%        N/A       1%          3
c - Dazzling Flash        Conj/Hex       50%        N/A       3%          3

Your spell library contained the following spells:

 Spells                   Type           Power      Damage    Failure   Level
 Slow                     Hex            43%        N/A       1%          2
 Confusing Touch          Hex            43%        N/A       1%          3
 Sting                    Tmut/Pois      32%        1d4       9%          1
 Poisonous Vapours        Pois/Air       16%        N/A       13%         2
 Static Discharge         Conj/Air       8%         N/A       13%         2
 Conjure Flame            Conj/Fire      8%         6-21      26%         3
 Ignite Poison            Fire/Tmut/Pois 8%         N/A       26%         3
 Spider Form              Tmut/Pois      4%         N/A       26%         3
 Yara's Violent Unravell  Hex/Tmut       12%        3d7       30%         5
 Olgreb's Toxic Radiance  Pois           8%         N/A       65%         4
 Sticky Flame             Conj/Fire      8%         2d3       65%         4
 Lightning Bolt           Conj/Air       4%         1d15      94%         5
 Maxwell's Capacitive Co  Air            4%         ∞         100%        8


Dungeon Overview and Level Annotations

Branches:
Dungeon (9/15)             Temple (1/1) D:4            Lair (0/6) D:8
    Orc: D:9-12

Altars:
Cheibriados
Dithmenos
Elyvilon
Fedhas
Gozag
Hepliaklqana
Kikubaaqudgha
Makhleb
Nemelex Xobeh
Okawaru
Qazlal
Sif Muna
Trog
Uskayaw
Vehumet
Wu Jian
Xom
Yredelemnul
Zin
The Shining One


Innate Abilities, Weirdness & Mutations

You are very small and have problems with some larger weapons.
You are too small for most types of armour.
You have supernaturally acute eyesight. (SInv)
You cover ground extremely quickly. (Speed+++)
You possess an exceptional clarity of mind.
Your magical capacity is low. (-10% MP)
Your system is resistant to poisons. (rPois)


Message History

Your Fighting skill increases to level 2!
Your Short Blades skill increases to level 3!
The kobold misses you.
Unknown command.
Unknown command.
Unknown command.
Unknown command.
Unknown command.
You open the door. The kobold brigand closely misses you.
The kobold completely misses you.
There is an open door here.
You puncture the kobold brigand!
The kobold brigand is heavily wounded.
The kobold brigand misses you.
You puncture the kobold brigand!
The kobold brigand is severely wounded.
You hit the kobold brigand.
The kobold brigand is almost dead.
The kobold brigand hits you with a +0 short sword!
You hit the kobold brigand.
The kobold brigand is almost dead.
You hit the kobold brigand.
You kill the kobold brigand!
Dithmenos accepts your kill.
You hit the chaos spawn but do no damage.
Unknown command.
You closely miss the chaos spawn. The chaos spawn completely misses you.
You puncture the chaos spawn!
The chaos spawn is moderately wounded.
You hit the chaos spawn.
The chaos spawn is heavily wounded.
The chaos spawn gores you!
You hit the chaos spawn.
The chaos spawn is heavily wounded.
You hit the chaos spawn.
The chaos spawn is severely wounded.
The chaos spawn gores you!
* * * LOW HITPOINT WARNING * * *
You are engulfed in flames!
You die...

..........# +.
..........# #. .........#
#######. ## ........#
#....... #.#####....#
#.......
#.....#....####.))....
....#.........).)... ###
#..#...............
###...#.@#........####+#.
#.....##4#........#....'.
#......K4K........#....#.
#......K.K........##+###.
######.).................
#...................
+...................
#....########....†..
.....# #.......


You could see a kobold demonologist, a chaos spawn (summoned), a red devil
(summoned) and 3 kobolds.

Vanquished Creatures
  Joseph (D:8)
  A kobold demonologist (D:9)
  A steam dragon (D:9)
  Eustachio (D:4)
  Menkaure (D:6)
  Edmund (D:6)
  A water moccasin (D:8)
  2 orc warriors
  An ice beast (D:7)
  A black bear (D:8)
  2 ogres
  A necrophage (D:6)
  2 centaurs
  A phantom (D:5)
  2 bullfrogs (D:8)
  2 kobold brigands (D:9)
  A scorpion (D:6)
  A water moccasin zombie (D:3)
  6 howler monkeys
  3 hounds (D:5)
  5 orc priests
  A scorpion zombie (D:5)
  10 orc wizards
  A gnoll (D:7)
  A howler monkey skeleton (D:7)
  4 adders
  A river rat (D:3)
  A shadow imp (D:5)
  A white imp (D:5)
  2 adder skeletons (D:4)
  A worm (D:2)
  A dart slug (D:1)
  27 orcs
  7 endoplasms
  A giant cockroach (D:3)
  6 goblins
  7 hobgoblins
  4 jackals
  5 quokkas
  8 ball pythons
  4 bats
  5 frilled lizards
  10 kobolds
  4 rats
149 creatures vanquished.

Notes
Turn   | Place    | Note
-------+----------+-------------------------------------------
     0 | D:1      | Zgrwil the Spriggan Enchanter began the quest for the Orb.
     0 | D:1      | Reached XP level 1. HP: 9/9 MP: 5/5
   299 | D:1      | Reached XP level 2. HP: 10/13 MP: 7/7
   302 | D:1      | Learned a level 2 spell: Ensorcelled Hibernation
   734 | D:1      | Found a faded altar of an unknown god.
   878 | D:1      | Reached XP level 3. HP: 16/16 MP: 9/9
   882 | D:1      | Learned a level 3 spell: Tukima's Dance
   886 | D:1      | Learned a level 3 spell: Dazzling Flash
  1209 | D:2      | Gained mutation: Your magical capacity is low. (-10% MP)
                  | [potion of mutation]
  1209 | D:2      | Gained mutation: You possess an exceptional clarity of
                  | mind. [potion of mutation]
  1209 | D:2      | Gained mutation: Your system is resistant to poisons.
                  | (rPois) [potion of mutation]
  2176 | D:3      | Found a shimmering blue altar of Sif Muna.
  2294 | D:3      | Reached skill level 5 in Hexes
  2294 | D:3      | Reached XP level 4. HP: 10/21 MP: 8/10
  2633 | D:3      | Reached XP level 5. HP: 19/24 MP: 12/12
  2875 | D:3      | Reached skill level 5 in Spellcasting
  3747 | D:4      | Noticed Eustachio
  3763 | D:4      | Killed Eustachio
  3764 | D:4      | Reached XP level 6. HP: 28/28 MP: 12/14
  3966 | D:4      | Found a staircase to the Ecumenical Temple.
  3974 | Temple   | Entered the Ecumenical Temple
  4390 | D:5      | Entered Level 5 of the Dungeon
  4458 | D:5      | Found a shadowy altar of Dithmenos.
  4470 | D:5      | Became a worshipper of Dithmenos the Shadowed
  4512 | D:5      | Reached skill level 5 in Stealth
  4630 | D:5      | Reached XP level 7. HP: 32/32 MP: 4/16
  5251 | D:6      | Found a stormy altar of Qazlal.
  5266 | D:6      | Identified a scroll of acquirement
  5266 | D:6      | Acquired a +4 quick blade
  5325 | D:6      | Noticed Menkaure
  5349 | D:6      | Noticed Edmund
  5467 | D:6      | Killed Edmund
  5661 | D:6      | Found a burning altar of Makhleb.
  5821 | D:6      | Reached XP level 8. HP: 29/36 MP: 12/18
  5877 | D:6      | Found a hide-covered altar of Uskayaw.
  6088 | D:6      | Killed Menkaure
  6620 | D:7      | Reached * piety under Dithmenos
  6839 | D:7      | Found a flagged portal.
  7296 | D:8      | Noticed a death yak
  7296 | D:8      | Noticed a death yak
  7296 | D:8      | Found a staircase to the Lair.
  7297 | D:8      | Noticed a death yak
  7380 | D:8      | Found a glowing golden altar of the Shining One.
  7431 | D:8      | Noticed a death yak
  7637 | D:8      | Noticed Joseph
  7660 | D:8      | Reached skill level 10 in Stealth
  7660 | D:8      | Reached XP level 9. HP: 23/39 MP: 19/20
  7699 | D:8      | Killed Joseph
  7999 | D:8      | Reached skill level 1 in Fighting
  8057 | D:8      | Noticed a death yak
  8057 | D:8      | Noticed a death yak
  8102 | D:8      | Found a glowing silver altar of Zin.
  8241 | D:8      | Found an opulent altar of Gozag.
  8476 | D:9      | Reached skill level 10 in Hexes
  8518 | D:9      | Noticed a kobold demonologist
  8524 | D:9      | Noticed a kobold demonologist
  8528 | D:9      | Noticed a red devil
  8529 | D:9      | Killed a kobold demonologist
  8546 | D:9      | Slain by a chaos spawn

Illustrated notes

Levels and vault maps discovered:
D:1:      lemuel_arrival_lava_pool, layout_loops_ring,
          hellmonk_ecumenical_altar_zigzags, dk_noncrumbling_3
D:2:      layout_basic
D:3:      layout_loops_cross, mainiacjoe_overflow_alcove_4,
          gup_sewer_entry_bowl, amcnicky_mini_rare_corridor_liquid
D:4:      layout_basic, minmay_temple_entry_nine_rooms, chequers_garden,
          uniq_eustachio
D:5:      layout_loops_ring, grunt_dithmenos_smoke
D:6:      layout_basic, lemuel_crystal_altar, eat_drink_and_be_merry_uskayaw,
          nicolae_qazlal_general_emergency, uniq_edmund, uniq_menkaure
D:7:      layout_loops_ring, enter_bailey_8
D:8:      layout_basic, nicolae_tso_swordbearing_angel,
          nicolae_overflow_quartered_altars, dpeg_lair_monsters, uniq_joseph
D:9:      layout_gridville, grunt_ogre_cave, hangedman_tell_no_tales
Temple:   minmay_temple_bridge_abc

Skill      XL: |  1  2  3  4  5  6  7  8  9 |
---------------+----------------------------+-----
Spellcasting   | 3 4 6 7 9 |  9.8
Hexes          | 4 5 6 7 8 9 10 | 10.2
Stealth        | 5 7 10 | 10.9
Dodging        | 4 |  4.6
Fighting       | 2 |  2.1
Short Blades   | 3 |  3.3

Action                   |  1- 3 |  4- 6 |  7- 9 || total
-------------------------+-------+-------+-------++-------
Melee: Dagger            |    34 |       |       ||    34
       Short sword       |    61 |   116 |    31 ||   208
       Quick blade       |       |       |   222 ||   222
 Cast: Ensorcelled Hiber |     1 |     6 |    20 ||    27
       Dazzling Flash    |       |       |     2 ||     2
Evoke: Wand              |       |       |     2 ||     2
  Use: Scroll            |     3 |     6 |    10 ||    19
       Potion            |     1 |     1 |     4 ||     6
 Stab: Sleeping          |    16 |     6 |    21 ||    43
       Invisible         |       |     2 |     5 ||     7
       Distracted        |       |       |     1 ||     1
Armor: Robe              |     9 |    26 |    32 ||    67
Dodge: Dodged            |    48 |    83 |   135 ||   266

Table legend: (Time is in decaauts)
 A = Elapsed time spent in this place.
 B = Non-inter-level travel time spent in this place.
 C = Inter-level travel time spent in this place.
 D = Time resting spent in this place.
 E = Time spent auto-exploring this place.
 F = Levels seen in this place.
 G = Mean time per level.
                   A        B        C        D        E       F      G
               +--------+--------+--------+--------+--------+-----+--------+
         Total |   6329 |   6149 |    180 |    491 |   4478 |  10 |  632.9 |
       Dungeon |   6295 |   6128 |    167 |    491 |   4478 |   9 |  699.4 |
        Temple |     34 |     21 |     13 |      0 |      0 |   1 |   34.0 |
               +--------+--------+--------+--------+--------+-----+--------+

Top non-repeatable levels by time:
     D:1: 914 daAuts
     D:7: 823 daAuts
     D:8: 823 daAuts
     D:3: 813 daAuts
     D:4: 743 daAuts
     D:5: 659 daAuts
     D:2: 655 daAuts
     D:6: 633 daAuts
     D:9: 228 daAuts
  Temple: 34 daAuts
